 Dungeon Crawl Stone Soup version 0.31-a0-1-g4198be8af4 (webtiles) character file.

Game seed: 15715719218050822309

15875 freelancePsychic the Spear-Bearer (level 12, -5/94 HPs)
             Began as a Djinni Berserker on May 2, 2023.
             Was a High Priest of Trog.
             Slain by a cane toad (13 damage)
             ... on level 2 of the Lair of Beasts.
             The game lasted 00:14:43 (11096 turns).

freelancePsychic the Spear-Bearer (DjBe)           Turns: 11096, Time: 00:14:43

Health: -5/94      AC: 12    Str: 20    XL:     12   Next: 63%
Gold:   652        EV: 12    Int:  9    God:    Trog [*****.] SH:  5 Dex: 14

rFire   + + .        a - +7 trident of Fate {drain, rElec}
rCold   . . .        (no shield)
rNeg    . . .        F - +0 acid dragon scales
rPois   ∞            (no helmet)
rElec   +            w - +2 cloak
rCorr   +            k - +2 pair of gloves
SInv    +            (boots unavailable)
Will    +....        o - amulet of reflection
Stlth   ++           m - ring of protection from cold
HPRegen 0.35/turn    e - ring of see invisible
MPRegen 0.00/turn

%: reflection, infuse magic (-6 HP)
@: on berserk cooldown, flying, slowed, very slow
A: sickness immunity, fire resistance 2, cold vulnerability 1, float, innate
caster, HP casting, extra vitality 1
a: Renounce Religion, Berserk, Trog's Hand, Brothers in Arms


You were on level 2 of the Lair of Beasts.
You worshipped Trog.
Trog was extremely pleased with you.
You visited 2 branches of the dungeon, and saw 13 of its levels.
You also visited: Bailey.

You collected 1000 gold pieces.
You spent 348 gold pieces at shops.

Inventory:

Hand Weapons
 a - the +7 trident of Fate (weapon) {drain, rElec}
   (You found it on level 3 of the Dungeon)

   rElec:     It insulates you from electricity.
 b - a +1 glaive of flaming
Missiles
 E - 27 boomerangs (quivered)
Armour
 k - a +2 pair of gloves (worn)
 l - a +3 ring mail
 w - a +2 cloak (worn)
 y - the scarf of Whack-A-Mole {harm, rPois rC+ Str+3 Int+2}
   (You found it in a bailey)

   Str:       It affects your strength (+3).
   Int:       It affects your intelligence (+2).
   rC:        It protects you from cold.
   rPois:     It protects you from poison.
 B - a +3 scale mail
 F - +0 acid dragon scales (worn)
Jewellery
 e - a ring of see invisible (right hand)
 i - a ring of ice
 m - a ring of protection from cold (left hand)
 o - an amulet of reflection (around neck)
 G - a ring of ice
 J - an amulet of the acrobat
 L - a +6 ring of intelligence
Wands
 p - a wand of paralysis (24)
 s - a wand of roots (4)
 z - a wand of polymorph (11)
 H - a wand of flame (22)
 I - a wand of digging (3)
Scrolls
 c - a scroll of fog
 d - 3 scrolls of enchant weapon
 h - 7 scrolls of teleportation {@r4}
 j - 4 scrolls of enchant armour
 r - 2 scrolls of fear
 t - 3 scrolls of amnesia
 D - 2 scrolls of immolation
Potions
 f - 2 potions of ambrosia
 g - 2 potions of resistance
 n - 3 potions of curing {@q1}
 q - 3 potions of mutation
 u - 2 potions of haste {unknown}
 v - 3 potions of brilliance
 x - a potion of attraction {unknown}
 C - 3 potions of heal wounds {unknown}
Miscellaneous
 A - a phial of floods (inert)
 K - a box of beasts


   Skills:
 + Level 11.6 Fighting
 * Level 13.4 Polearms
 - Level 2.0 Armour
 - Level 2.1 Dodging
 - Level 4.0 Stealth


You knew the following spells:

 Your Spells              Type           Power      Damage    Failure   Level
a - Foxfire               Conj/Fire      0%         2x1d4     45%         1
b - Wereblood             Tmut           0%         N/A       61%         2
c - Ignite Poison         Fire/Tmut/Pois 0%         N/A       83%         3
d - Volatile Blastmotes   Fire/Tloc      0%         2d10      83%         3
e - Freezing Cloud        Conj/Ice/Air   0%         6-21      100%        5
Your spell library was empty.


Dungeon Overview and Level Annotations

Branches:
Dungeon (11/15)            Temple (0/1) D:4            Lair (1/5) D:10
 Bailey (visited)
    Orc: D:9-12

Altars:
Ashenzari
Fedhas
Makhleb
Nemelex Xobeh
Okawaru
Uskayaw
Xom
Yredelemnul
The Shining One

Shops:
D:5 *   D:6 [((:   D:11 (


Innate Abilities, Weirdness & Mutations

You are immune to sickness and miasma.
You are immune to poison.
Your flesh is very heat resistant. (rF++)
You are vulnerable to cold. (rC-)
You float through the air rather than walking.
You learn spells naturally, not from books.
Your magical power is your life essence.
You have superior vitality. (+4 MHP)


Message History

Reach: a) +7 trident of Fate {drain, rElec}
Press: ? - help, Dir - move target, f/p - naga
Aim: a naga, wielding a +0 trident (heavily wounded, catching its breath, about 26% to evade the +7 trident of Fate)
You reach to attack!
You barely miss the naga.
The naga is heavily wounded.
The cane toad closely misses you. You block the naga's attack.
Reach: a) +7 trident of Fate {drain, rElec}
Press: ? - help, Dir - move target, f/p - naga
Aim: a naga, wielding a +0 trident (heavily wounded, about 26% to evade the +7 trident of Fate)
You reach to attack!
You barely miss the naga.
The naga is heavily wounded.
You block the cane toad's attack.
The naga hits you from afar with a +0 trident!!
Reach: a) +7 trident of Fate {drain, rElec}
Press: ? - help, Dir - move target, f/p - naga
Aim: a naga, wielding a +0 trident (heavily wounded, about 26% to evade the +7 trident of Fate)
You reach to attack!
You hit the naga.
The naga is heavily wounded.
The cane toad stings you!
* * * LOW HITPOINT WARNING * * *
The naga spits poison at you.
The splash of poison hits you but does no damage.
You resist.
Reach: a) +7 trident of Fate {drain, rElec}
Press: ? - help, Dir - move target, f/p - naga
Aim: a naga, wielding a +0 trident (heavily wounded, catching its breath, about 26% to evade the +7 trident of Fate)
You reach to attack!
You hit the naga.
The naga is severely wounded.
The cane toad stings you but does no damage.
The naga hits you but does no damage. The cane toad stings you.
* * * LOW HITPOINT WARNING * * *
You feel better.
The cane toad stings you but does no damage.
The naga closely misses you.
You feel better. The cane toad stings you!!
* * * LOW HITPOINT WARNING * * *
The naga spits poison at you.
The splash of poison hits you but does no damage.
You resist. The cane toad stings you!
You die...

....#.+##...#...#
......!......>...
#................#
...................
..........).........
....................
..........N.........
........P#)#........
#.......#@###......
#.......F...#......
.##.......P.........<
.........#...P.......
#...........#......
##.......#..#.....
#.......##### ....
#P.......# ....
..........


You could see a cane toad and a naga.

Vanquished Creatures
  Fannar (Lair:2)
  3 two-headed ogres
  A manticore (D:11)
  A black mamba (Lair:1)
  A komodo dragon (D:10)
  3 cane toads
  A troll (D:11)
  Grinder (D:3)
  A shadow (D:11)
  14 yaks
  3 wraiths
  9 vampire mosquitoes
  3 nagas (Lair:2)
  3 acid dragons
  3 water moccasins
  10 orc warriors
  2 black bears
  5 ice beasts
  3 centaurs (D:6)
  5 kobold brigands
  7 bullfrogs
  3 gnoll sergeants
  3 scorpions
  5 wights
  6 killer bees (D:7)
  A howler monkey (D:9)
  7 orc priests
  A quasit (D:3)
  A gnoll bouda (D:7)
  3 hounds
  2 jellies
  5 sleepcaps
  Ijyb (D:3)
  15 orc wizards
  6 iguanas
  27 gnolls
  8 adders
  2 shadow imps
  A white imp (D:4)
  4 ufetubi
  4 dart slugs
  43 orcs
  3 bats
  4 endoplasms
  4 giant cockroaches
  7 hobgoblins
  4 jackals (D:3)
  43 kobolds
  2 quokkas
  11 ball pythons
  3 frilled lizards
  13 goblins
  2 rats
324 creatures vanquished.

Vanquished Creatures (collateral kills)
  A two-headed ogre (D:10)
  A rime drake (Lair:1)
  A komodo dragon (Lair:1)
  A water moccasin (D:10)
  A black bear (D:10)
  2 kobold brigands (D:10)
  5 kobolds (D:10)
12 creatures vanquished.

Vanquished Creatures (others)
  4 demonic plants (D:4)
  36 fungi
  34 plants
74 creatures vanquished.

Grand Total: 410 creatures vanquished

Notes
Turn   | Place    | Note
-------+----------+-------------------------------------------
     0 | D:1      | freelancePsychic the Djinni Berserker began the quest for
                  | the Orb.
     0 | D:1      | Reached XP level 1. HP: 20/20 MP: 0/0
   292 | D:1      | Reached XP level 2. HP: 25/25 MP: 0/0
   386 | D:1      | Reached skill level 1 in Stealth
   515 | D:1      | Found a faded altar of an unknown god.
   701 | D:2      | Reached XP level 3. HP: 28/30 MP: 0/0
   701 | D:2      | Learned a level 1 spell: Foxfire
   879 | D:2      | Reached skill level 3 in Polearms
   879 | D:2      | Reached XP level 4. HP: 34/35 MP: 0/0
  1849 | D:3      | Noticed Ijyb
  1857 | D:3      | Paralysed by Ijyb for 2 turns
  1868 | D:3      | Killed Ijyb
  1869 | D:3      | Reached XP level 5. HP: 40/40 MP: 0/0
  1869 | D:3      | Learned a level 2 spell: Wereblood
  2003 | D:3      | Reached ** piety under Trog
  2053 | D:3      | Noticed Grinder
  2397 | D:3      | Identified the +7 trident of Fate {drain, rElec}
  2443 | D:3      | Killed Grinder
  2444 | D:3      | Reached skill level 4 in Polearms
  2444 | D:3      | Reached XP level 6. HP: 41/47 MP: 0/0
  2688 | D:4      | Reached XP level 7. HP: 42/52 MP: 0/0
  2688 | D:4      | Learned a level 3 spell: Ignite Poison
  3204 | D:4      | Found a staircase to the Ecumenical Temple.
  3530 | D:5      | Entered Level 5 of the Dungeon
  3562 | D:5      | Reached skill level 5 in Polearms
  3682 | D:5      | Reached skill level 5 in Fighting
  3682 | D:5      | Reached XP level 8. HP: 59/59 MP: 0/0
  3743 | D:5      | Found Isuded Vuer's Neck Hole.
  3751 | D:5      | Bought a +0 cloak for 63 gold pieces
  3986 | D:5      | Reached *** piety under Trog
  4313 | D:6      | Reached skill level 6 in Polearms
  4396 | D:6      | Found Laox's Antique Armour Boutique.
  4423 | D:6      | Found a shimmering altar of Xom.
  4513 | D:6      | Reached XP level 9. HP: 66/66 MP: 0/0
  4513 | D:6      | Learned a level 3 spell: Volatile Blastmotes
  4515 | D:6      | Reached skill level 7 in Polearms
  4547 | D:6      | Found Myuc's Weapon Boutique.
  4745 | D:6      | Found a sparkling altar of Nemelex Xobeh.
  4762 | D:6      | Reached skill level 8 in Polearms
  4831 | D:6      | Found Zoxiz's Book Shop.
  4867 | D:6      | Found Gagiyki's Antique Weapon Shop.
  4887 | D:6      | Noticed a +0 falchion
  4888 | D:6      | Noticed a +0 dagger
  4889 | D:6      | Noticed a +0 falchion
  4890 | D:6      | Noticed a +0 short sword
  4890 | D:6      | Noticed a +0 spear
  4890 | D:6      | Noticed a +0 spear
  4890 | D:6      | Noticed a +0 short sword
  4891 | D:6      | Noticed a +0 dagger
  4892 | D:6      | Found a hide-covered altar of Uskayaw.
  5109 | D:7      | Reached **** piety under Trog
  5152 | D:7      | Found a basalt altar of Yredelemnul.
  5168 | D:7      | Reached XP level 10. HP: 67/76 MP: 0/0
  5349 | D:6      | Bought a pair of masterwork gloves for 285 gold pieces
  5349 | D:6      | Identified the +0 pair of gloves "Faumom" {rN+} (You bought
                  | it in a shop on level 6 of the Dungeon)
  5394 | D:7      | Reached skill level 9 in Polearms
  6097 | D:8      | Found a flagged portal.
  6110 | Bailey   | Entered a bailey
  6164 | Bailey   | Identified the scarf of the Fife {harm, rPois}
  6198 | Bailey   | Reached ***** piety under Trog
  6405 | Bailey   | Reached skill level 10 in Polearms
  6442 | Bailey   | Identified the scarf of Whack-A-Mole {harm, rPois rC+ Str+3
                  | Int+2}
  6531 | D:8      | Found a blossoming altar of Fedhas.
  6699 | D:8      | Found a glowing golden altar of the Shining One.
  7151 | D:9      | Identified the +0 scale mail of Yesterday {Dex+4}
  7152 | D:9      | Identified the +6 rapier "Zuhecat" {freeze, *Slow rPois rN+
                  | Dex+4}
  7153 | D:9      | Found an iron altar of Okawaru.
  7160 | D:9      | Found a burning altar of Makhleb.
  7164 | D:9      | Found a broken altar of Ashenzari.
  7281 | D:9      | Reached XP level 11. HP: 74/84 MP: 0/0
  7281 | D:9      | Learned a level 5 spell: Freezing Cloud
  7526 | D:9      | Reached skill level 11 in Polearms
  7759 | D:10     | Entered Level 10 of the Dungeon
  7822 | D:10     | Noticed a two-headed ogre
  7832 | D:10     | Killed a two-headed ogre
  7838 | D:10     | Received a gift from Trog
  8022 | D:10     | Found a staircase to the Lair.
  8028 | D:10     | Reached skill level 10 in Fighting
  8409 | D:10     | Noticed a two-headed ogre
  8419 | D:10     | Killed a two-headed ogre
  8645 | D:10     | Reached skill level 12 in Polearms
  9615 | D:11     | Noticed a two-headed ogre
  9619 | D:11     | Killed a two-headed ogre
  9620 | D:11     | Reached XP level 12. HP: 93/93 MP: 0/0
 10279 | D:11     | Noticed a two-headed ogre
 10288 | D:11     | Killed a two-headed ogre
 10399 | D:11     | Found Risefob's Antique Weapon Shoppe.
 10683 | Lair:1   | Entered Level 1 of the Lair of Beasts
 10808 | Lair:1   | Reached skill level 13 in Polearms
 11045 | Lair:1   | You are sucked into a shaft and drop 1 floor!
 11050 | Lair:2   | Noticed Fannar
 11065 | Lair:2   | Killed Fannar
 11096 | Lair:2   | Slain by a cane toad

Illustrated notes

Levels and vault maps discovered:
D:1:      dpeg_arrival_chambers_temple_mockup, layout_basic,
          ebering_ecumenical_altar_abandoned
D:2:      layout_basic
D:3:      layout_loops_ring, kennysheep_boxes, uniq_grinder, uniq_ijyb
D:4:      layout_rooms, minmay_temple_entry_slanted, serial_demonic,
          serial_demonic_c, serial_demonic_b, serial_demonic_c,
          serial_demonic_f, kennysheep_potato
D:5:      layout_loops_ring, nicolae_sif_muna_condensation,
          nicolae_shop_sticking_my_neck_out
D:6:      layout_basic, nicolae_overflow_crystal_walls,
          nicolae_uskayaw_en_pointe, gammafunk_temple_overflow_elements,
          serial_shops, nicolae_shop_advertising_works
          [nicolae_subvault_shop_adworks], nicolae_shop_bloodbath_and_beyond,
          nicolae_shop_window_shopping, shop, minmay_bent
D:7:      layout_basic, mainiacjoe_overflow_paths
D:8:      layout_rooms, mainiacjoe_overflow_small_starburst, fedhas_altar_1,
          enter_bailey_5
D:9:      layout_roguey, nicolae_overflow_quartered_altars
D:10:     layout_irregular_city, due_lair_maze_entry_diamond
D:11:     layout_layer_cave, gauntlet_entry_generic, serial_shops,
          nicolae_shop_back_alley_shop
Lair:1:   layout_regular_city
Lair:2:   layout_regular_city, minmay_shoals_entry_lonely_mermaid,
          minmay_snake_entry_guardpost_small, uniq_fannar

Skill      XL: |  1  2  3  4  5  6  7  8  9 10 11 12 |
---------------+-------------------------------------+-----
Stealth        | 1 2 3 4 |  4.0
Polearms       | 3 4 5 6 8 10 12 13 | 13.4
Fighting       | 4 5 6 7 9 10 11 | 11.6
Armour         | |  2.0
Dodging        | |  2.1

Action                     |  1- 3 |  4- 6 |  7- 9 | 10-12 || total
---------------------------+-------+-------+-------+-------++-------
  Melee: Spear             |    84 |   124 |       |       ||   208
         Punch             |       |     3 |     1 |     8 ||    12
         Trident           |       |    11 |   254 |   566 ||   831
 Invoke: Berserk           |       |     3 |     3 |     1 ||     7
         Brothers in Arms  |       |       |       |     1 ||     1
  Evoke: Phial of floods   |       |       |       |     1 ||     1
    Use: Scroll            |     3 |     3 |     5 |    10 ||    21
         Potion            |       |     1 |     1 |     2 ||     4
   Stab: Sleeping          |     2 |     3 |     4 |     7 ||    16
         Distracted        |       |       |     1 |     2 ||     3
 Armour: Leather armour    |    14 |    25 |    21 |       ||    60
         Ring mail         |       |       |    52 |    71 ||   123
         Acid dragon scale |       |       |       |    79 ||    79
  Dodge: Dodged            |    44 |    74 |    84 |   212 ||   414
  Block: Other             |       |       |    25 |    79 ||   104
         Reflection        |       |       |     1 |     5 ||     6

Table legend: (Time is in decaauts)
 A = Elapsed time spent in this place.
 B = Non-inter-level travel time spent in this place.
 C = Inter-level travel time spent in this place.
 D = Time resting spent in this place.
 E = Time spent auto-exploring this place.
 F = Levels seen in this place.
 G = Mean time per level.
                   A        B        C        D        E       F      G
               +--------+--------+--------+--------+--------+-----+--------+
         Total |  10999 |  10360 |    639 |    634 |   7556 |  14 |  785.6 |
       Dungeon |  10229 |   9591 |    638 |    634 |   7037 |  11 |  929.9 |
          Lair |    396 |    396 |      0 |      0 |    312 |   2 |  198.0 |
        Bailey |    373 |    373 |      0 |      0 |    207 |   1 |  373.0 |
               +--------+--------+--------+--------+--------+-----+--------+

Top non-repeatable levels by time:
    D:11: 1549 daAuts
     D:2: 1206 daAuts
    D:10: 1127 daAuts
     D:3: 1035 daAuts
     D:9: 1000 daAuts
     D:6: 906 daAuts
     D:5: 784 daAuts
     D:8: 683 daAuts
     D:1: 677 daAuts
     D:4: 638 daAuts
     D:7: 620 daAuts
  Bailey: 373 daAuts
  Lair:1: 352 daAuts
  Lair:2: 43 daAuts
